 Dungeon Crawl Stone Soup version 0.31-a0-217-g58bb5d79cf (webtiles) character file.

Game seed: 17353848142256053035

158 qw the Shooter (level 5, 0/30 HPs)
             Began as a Gargoyle Hexslinger on July 2, 2023.
             Killed by divine providence
             ... invoked by an orc priest
              (14 damage)
             ... on level 3 of the Dungeon.
             The game lasted 00:01:04 (1761 turns).

qw the Shooter (Gargoyle Hexslinger)                Turns: 1761, Time: 00:01:05

Health: 0/30       AC: 15    Str: 12    XL:     5   Next: 39%
Magic:  6/6        EV: 10    Int: 13    God:
Gold:   163        SH:  0    Dex: 14    Spells: 5/6 levels left

rFire   . . .        Y - +1 sling
rCold   . . .        (no shield)
rNeg    + . .        m - +0 ring mail
rPois   inf          (no helmet)
rElec   +            (no cloak)
rCorr   .            f - +1 pair of gloves
SInv    .            (no boots)
Will    .....        (no amulet)
Stlth   +            e - +4 ring of protection
HPRegen 0.25/turn    (no ring)
MPRegen 0.10/turn

%: no passive effects
@: no status effects
A: sickness immunity, AC +4, negative energy resistance 1, electricity
resistance, torment resistance 1, petrification resistance
a: no special abilities


You were on level 3 of the Dungeon.
You visited 1 branch of the dungeon, and saw 3 of its levels.

You collected 163 gold pieces.


Innate Abilities, Weirdness & Mutations

You are immune to sickness and miasma.
Your stone body is resilient. (AC +4)
You are immune to poison.
You resist negative energy. (rN+)
You are resistant to electric shocks. (rElec)
You are resistant to unholy torment.
You are immune to petrification.


   Skills:
 + Level 2.1 Fighting
 - Level 5.0 Ranged Weapons
 - Level 1.0 Armour
 - Level 1.5 Dodging
 - Level 1.0 Spellcasting
 - Level 2.6 Hexes


You had 5 spell levels left.
You knew the following spells:

 Your Spells              Type           Power      Damage    Failure   Level
a - Slow                  Hex            28%        N/A       22%         1

Your spell library contained the following spells:

 Spells                   Type           Power      Damage    Failure   Level
 Inner Flame              Hex/Fire       4%         N/A       73%         3
 Portal Projectile        Hex/Tloc       8%         N/A       73%         3
 Cause Fear               Hex            3%         N/A       91%         4

Inventory:

Hand Weapons
 Y - a +1 sling (weapon)
Armour
 f - a +1 pair of gloves (worn)
 m - a +0 ring mail (worn)
Jewellery
 e - a +4 ring of protection (left hand)
Scrolls
 a - a scroll of identify
 d - 2 scrolls of teleportation
Potions
 b - a potion of enlightenment
 g - a potion of attraction {unknown}
 h - a potion of resistance
 j - a potion of haste {unknown}
 k - a potion of mutation {unknown}
 l - a potion of curing {unknown}

Dungeon Overview and Level Annotations

Branches:
Dungeon (3/15)

Altars:
Gozag
Nemelex Xobeh
Sif Muna
Xom
The Shining One


Message History

HP restored.
Done exploring.
(D) Dungeon
Where to? (* - list waypoints, Enter - D:3, ? - help)
What level of the Dungeon? (default 1, ? - help)
You climb downwards.
The rat bites you but does no damage. x2
There is a stone staircase leading up here.
You shoot a sling bullet. The sling bullet barely misses the rat.
The rat bites you but does no damage.
You shoot a sling bullet.
The sling bullet hits the rat but does no damage.
The rat bites you but does no damage. The rat closely misses you.
You shoot a sling bullet. The sling bullet barely misses the rat.
The rat bites you but does no damage.
You shoot a sling bullet. The sling bullet hits the rat.
You kill the rat!
Items here: %% )) [.
An orc priest is nearby!
You shoot a sling bullet.
The sling bullet hits the orc priest but does no damage.
You shoot a sling bullet.
The sling bullet hits the orc priest but does no damage.
You shoot a sling bullet. The sling bullet hits the orc priest.
The orc priest is lightly wounded.
The orc priest calls down the wrath of Beogh upon you.
Pain shoots through your body!
You shoot a sling bullet.
The sling bullet closely misses the orc priest.
The orc priest mumbles some strange prayers to Beogh against you.
Beogh smites you!
You shoot a sling bullet.
The sling bullet closely misses the orc priest.
You shoot a sling bullet.
The sling bullet hits the orc priest but does no damage.
The orc priest is lightly wounded.
You shoot a sling bullet. The sling bullet hits the orc priest.
The orc priest is lightly wounded.
The orc priest mumbles some strange prayers to Beogh against you.
Beogh smites you!
You die...

..###.###...............#..#.##
..o.....)..................#.#
#####.##.................#.#.#
#.....###...#....<.#.#.#.####
####..........#.#............
######.####...#o#.#.##.#.......
#...............# #. #..##.#.##
######.#.##.#.#.#.#.##.........
#......#<@............#.##
###.##.#%###.#............
##....#.###.#.##.........
#........................
##.##.#..##.... .......
#............. ......
#.##.#..##### .###... #.##.#..#
....... #.##.#..# #.........


You could see an orc priest.

Vanquished Creatures
  Terence (D:2)
  Jessica (D:2)
  4 adders (D:2)
  2 worms
  3 dart slugs
  3 orcs (D:3)
  3 endoplasms
  4 giant cockroaches
  3 goblins (D:1)
  8 hobgoblins
  3 jackals (D:1)
  2 quokkas
  5 ball pythons
  3 bats
  2 frilled lizards
  3 kobolds
  5 rats
55 creatures vanquished.

Notes
Turn   | Place    | Note
-------+----------+-------------------------------------------
     0 | D:1      | qw the Gargoyle Hexslinger began the quest for the Orb.
     0 | D:1      | Reached XP level 1. HP: 12/12 MP: 2/2
     0 | D:1      | 0 ||| qw: Version: 0.3-a-40-ge99b1a8
     0 | D:1      | 0 ||| qw: Game counter: 183
     0 | D:1      | 0 ||| qw: Melee chars always use a shield: true
     0 | D:1      | 0 ||| qw: God list: Okawaru
     0 | D:1      | 0 ||| qw: Allow faded altars: false
     0 | D:1      | 0 ||| qw: Do Orc after clearing Dungeon:15 true
     0 | D:1      | 0 ||| qw: Do second Lair branch before Depths: true
     0 | D:1      | 0 ||| qw: Lair rune preference: random
     0 | D:1      | 0 ||| qw: Goals: Normal
     0 | D:1      | 0 ||| PLANNING D:1-11
   120 | D:1      | Reached XP level 2. HP: 16/16 MP: 3/3
   294 | D:1      | Reached skill level 3 in Ranged Weapons
   520 | D:1      | Found a faded altar of an unknown god.
   591 | D:1      | 591 ||| UPGRADING to +1 pair of gloves.
   596 | D:1      | 596 ||| UPGRADING to +0 leather armour.
   606 | D:1      | 606 ||| DROPPING +0 robe.
   607 | D:1      | 607 ||| READING 2 scrolls labelled ZYD RO YDGHO.
   608 | D:1      | 608 ||| READING scroll labelled NUASO NUADUMUUWK.
   609 | D:1      | 609 ||| READING scroll labelled YQIAKHL SIAFF.
   610 | D:1      | 610 ||| READING scroll labelled LOINER DOCSAG.
   611 | D:1      | 611 ||| READING 2 scrolls labelled WOTUOT EXOZ.
   612 | D:1      | 612 ||| DROPPING scroll of poison.
   613 | D:1      | 613 ||| DROPPING scroll of fog.
   620 | D:2      | Found an opulent altar of Gozag.
   628 | D:2      | 628 ||| STAIRDANCE
   637 | D:1      | Reached XP level 3. HP: 19/21 MP: 4/4
   773 | D:2      | Noticed Terence
   799 | D:2      | Killed Terence
   832 | D:2      | Reached XP level 4. HP: 26/26 MP: 5/5
   859 | D:2      | Reached skill level 4 in Ranged Weapons
  1064 | D:2      | Noticed Jessica
  1069 | D:2      | Killed Jessica
  1070 | D:2      | Reached XP level 5. HP: 30/30 MP: 6/6
  1218 | D:2      | Reached skill level 5 in Ranged Weapons
  1238 | D:2      | 1238 ||| UPGRADING to +0 ring mail.
  1248 | D:2      | 1248 ||| DROPPING +0 leather armour.
  1249 | D:2      | 1249 ||| DROPPING +6 ring of intelligence.
  1250 | D:2      | 1250 ||| UPGRADING to +4 ring of protection.
  1251 | D:2      | 1251 ||| READING 2 scrolls labelled PENIRPH CODEO.
  1255 | D:2      | 1255 ||| READING 4 scrolls of identify.
  1255 | D:2      | 1255 ||| IDENTIFYING murky brown potion
  1256 | D:2      | 1256 ||| READING 3 scrolls of identify.
  1256 | D:2      | 1256 ||| IDENTIFYING metallic inky potion
  1257 | D:2      | 1257 ||| READING 2 scrolls of identify.
  1257 | D:2      | 1257 ||| IDENTIFYING glowing green potion
  1258 | D:2      | 1258 ||| DROPPING potion of ambrosia.
  1543 | D:3      | Found a sparkling altar of Nemelex Xobeh.
  1551 | D:3      | Found a glowing golden altar of the Shining One.
  1552 | D:3      | Found a shimmering altar of Xom.
  1556 | D:3      | Found a shimmering blue altar of Sif Muna.
  1572 | D:3      | Reached skill level 1 in Armour
  1592 | D:3      | 1592 ||| FLEEEEING.
  1593 | D:3      | 1593 ||| FLEEEEING.
  1594 | D:3      | 1594 ||| FLEEEEING.
  1595 | D:3      | 1595 ||| FLEEEEING.
  1596 | D:3      | 1596 ||| FLEEEEING.
  1604 | D:3      | 1604 ||| FLEEEEING.
  1605 | D:3      | 1605 ||| FLEEEEING.
  1606 | D:3      | 1606 ||| FLEEEEING.
  1607 | D:3      | 1607 ||| FLEEEEING.
  1608 | D:3      | 1608 ||| FLEEEEING.
  1609 | D:3      | 1609 ||| FLEEEEING.
  1611 | D:3      | 1611 ||| FLEEEEING.
  1612 | D:3      | 1612 ||| FLEEEEING.
  1613 | D:3      | 1613 ||| FLEEEEING.
  1621 | D:3      | 1621 ||| STAIRDANCE
  1651 | D:2      | 1651 ||| DRINKING 2 sapphire potions.
  1652 | D:2      | 1652 ||| DROPPING potion of brilliance.
  1662 | D:3      | 1662 ||| STAIRDANCE
  1761 | D:3      | Killed from afar by an orc priest

Levels and vault maps discovered:
D:1:      psy_arrival_spokes, layout_basic,
          dreamdust_ecumenical_altar_hidden_monk_grotto
D:2:      cheibrodos_old_hovel, layout_basic, basic_altar, serial_glass,
          glass_columns_a, glass_columns_b, uniq_terence, uniq_jessica
D:3:      layout_basic, minitemple, grunt_ministairs_14

Skill      XL: |  1  2  3  4  5 |
---------------+----------------+-----
Ranged Weapons | 3 4 5 |  5.0
Fighting       | 2 |  2.1
Armour         | 1 |  1.0
Dodging        | |  1.5
Spellcasting   | |  1.0
Hexes          | |  2.6

Action                     |  1- 3 |  4- 6 || total
---------------------------+-------+-------++-------
   Fire: Sling             |   102 |   158 ||   260
    Use: Scroll            |     5 |     4 ||     9
         Potion            |       |     1 ||     1
 Armour: Robe              |     6 |       ||     6
         Leather armour    |    24 |    41 ||    65
         Ring mail         |       |    14 ||    14
  Dodge: Dodged            |    56 |    69 ||   125

Table legend:
 A = Non-vault XP
 B = Vault XP
 C = Vault XP percentage of total XP
 D = Non-vault monster count
 E = Vault monster count
 F = Vault count percentage of total count
                 A         B        C        D         E       F
            +---------+---------+-------+---------+---------+-------
      Total |     149 |      77 |  34.1 |      52 |       3 |   5.5
            +---------+---------+-------+---------+---------+-------
        D:1 |      36 |       0 |   0.0 |      21 |       0 |   0.0
        D:2 |      81 |      77 |  48.7 |      19 |       3 |  13.6
        D:3 |      32 |       0 |   0.0 |      12 |       0 |   0.0
            +---------+---------+-------+---------+---------+-------
